 Dungeon Crawl Stone Soup version 0.19.1 (webtiles) character file.

38 M4edhros the Poker (level 3, -8/23 HPs)
             Began as a Kobold Chaos Knight on Dec 26, 2016.
             Shot with a bolt by a yaktaur (31 damage)
             ... on level 1 of the Dungeon.
             The game lasted 00:01:42 (5566 turns).

M4edhros the Poker (Kobold Chaos Knight)            Turns: 5566, Time: 00:01:43

Health: -8/23      AC:  5    Str:  9      XL:     3   Next: 65%
Magic:  3/3        EV: 13    Int: 11 (13) God:    Xom [.*....]
Gold:   21         SH:  0    Dex: 15      Spells: 0 memorised, 2 levels left

rFire  . . .     SeeInvis .     a - +0 spear (chaos)
rCold  . . .     Gourm    .     b - +2 leather armour
rNeg   . . .     Faith    .     (shield restricted)
rPois  .         Spirit   .     (no helmet)
rElec  .         Reflect  .     (no cloak)
rCorr  .         Harm     .     (no gloves)
MR     .....                    (no boots)
Stlth  +.........               (no amulet)
                                (no ring)
                                (no ring)

@: drained
A: carnivore 3
a: Renounce Religion


You were on level 1 of the Dungeon.
You worshipped Xom.
You were a plaything of Xom.
You were very full.

You visited 1 branch of the dungeon, and saw 1 of its levels.

You collected 21 gold pieces.

Inventory:

Hand Weapons
 a - a +0 spear of chaos (weapon)
Missiles
 d - 36 stones (quivered)
Armour
 b - a +2 leather armour (worn)
Scrolls
 e - 2 scrolls of identify {unknown}
 g - a scroll of recharging {unknown}
Comestibles
 c - a meat ration


   Skills:
 - Level 3.2(2.2) Fighting
 + Level 3.6(2.5) Polearms
 - Level 0.7(0.0) Armour
 - Level 2.4(1.3) Dodging


You had 2 spell levels left.
You didn't know any spells.

Dungeon Overview and Level Annotations

Branches:
Dungeon (1/15)

Altars:


Innate Abilities, Weirdness & Mutations

You are small and have problems with some larger weapons.
You are carnivorous and can eat meat at any time.


Message History

HP restored.
You start waiting.
Done waiting.
You start waiting.
Done waiting.
You start waiting.
Xom twists space around you.
Your surroundings suddenly seem different.
Your surroundings suddenly seem different.
Your surroundings suddenly seem different.
A centaur and 3 yaktaurs come into view.
Unknown command.
Unknown command.
Unknown command.
Unknown command.
The yaktaur shouts! x2
The yaktaur wields an arbalest.
The yaktaur shoots a bolt.
The bolt hits you!!
Ouch! That really hurt!
You die...
Xom guffaws!

........# ..
######..# #.###
#..# .c... #..# #
#... ##..#
#.#cc.#######.....#
#..c..............K
................#.#
........@# #..#.#
.##...#### #..#.#
#.. #..#.# #.
#..#.# # #..#.# #
#.########..#.# .#
#...........#.# .#
#..########.#.#
.... ##...#)#


You could see 3 yaktaurs and a centaur (wandering).

Vanquished Creatures
  3 dart slugs (D:1)
  5 goblins (D:1)
  6 hobgoblins (D:1)
  4 jackals (D:1)
  A ball python (D:1)
  3 bats (D:1)
  4 kobolds (D:1)
  6 rats (D:1)
32 creatures vanquished.

Vanquished Creatures (others)
  A bat (D:1)
1 creature vanquished.

Grand Total: 33 creatures vanquished

Notes
Turn   | Place    | Note
-------+----------+-------------------------------------------
     0 | D:1      | M4edhros the Kobold Chaos Knight began the quest for the Orb.
     0 | D:1      | Reached XP level 1. HP: 14/14 MP: 1/1
   457 | D:1      | XOM: harmless Pois miscast
   511 | D:1      | XOM: cloud trail
   528 | D:1      | Reached XP level 2. HP: 16/19 MP: 2/2
  1806 | D:1      | XOM is BORED!
  1806 | D:1      | XOM: stat loss: -2 Int (11/13)
  2285 | D:1      | XOM: 2-stop teleportation journey
  2395 | D:1      | XOM: god gift: 23 stones
  2471 | D:1      | XOM: medium Fire miscast
  2471 | D:1      | XOM: smoke on damage
  2627 | D:1      | XOM: give mutation
  2627 | D:1      | Gained mutation: Your body sometimes deteriorates upon taking damage. [Xom's mischief]
  2661 | D:1      | XOM: cloud trail
  3078 | D:1      | XOM: harmless Air miscast
  3423 | D:1      | XOM: 4-stop teleportation journey
  3429 | D:1      | Reached XP level 3. HP: 17/23 MP: 3/3
  3558 | D:1      | XOM: give mutation
  3558 | D:1      | Lost mutation: Your body sometimes deteriorates upon taking damage. [Xom's mischief]
  4703 | D:1      | XOM: 2-stop teleportation journey
  4852 | D:1      | XOM: medium Necr miscast
  4859 | D:1      | XOM: noise
  5015 | D:1      | XOM: mild Erth miscast
  5043 | D:1      | XOM: medium Air miscast
  5565 | D:1      | XOM: 3-stop teleportation journey
  5566 | D:1      | Noticed a centaur
  5566 | D:1      | Noticed a yaktaur
  5566 | D:1      | Noticed a yaktaur
  5566 | D:1      | Noticed a yaktaur
  5566 | D:1      | Shot with a bolt by a yaktaur

Skill      XL: |  1  2 |
---------------+-------+-----
Polearms       | 3 |  3.6
Fighting       | |  3.2
Armour         | |  0.7
Dodging        | |  2.4

Action                   || total
-------------------------++-------
Melee: Spear             ||    94
 Stab: Sleeping          ||     1
       Distracted        ||     1
  Eat: Chunk             ||    20
Armor: Leather armour    ||    20
Dodge: Dodged            ||    43
